Unix NetHack Version 3.7.0-50 Work-in-progress - last build Feb 28 2022 15:24:21 (b377c2836c43ebb0b7db9ce427581073a701f771,branch:master). Game began 2022-03-01 18:17:25, ended 2022-03-01 18:30:07. wbn, chaotic male human Rogue ---------- |........| .........| ------------- |.<......| .............### |........| |...........|######.........| |.r@........|# ---------- -.----------- ### # Wbn the Footpad St:12 Dx:18 Co:18 In:9 Wi:9 Ch:9 Chaotic S:179 Dlvl:3 $:31 HP:0(12) Pw:2(2) AC:7 Xp:1/12 T:736 Hungry Latest messages: You see here 4 candles (for sale, 52 zorkmids). You see here a crystal wand (for sale, 233 zorkmids). You see here a cram ration (for sale, 47 zorkmids). You see here 7 crossbow bolts (for sale, 21 zorkmids). You see here a bronze plate mail (for sale, 533 zorkmids). You see here a flail (for sale, 5 zorkmids). You see here a bronze plate mail (for sale, 533 zorkmids). You see here a scroll labeled YUM YUM (for sale, 178 zorkmids). You see here a scroll labeled XOR OTA (for sale, 27 zorkmids). You see here a scroll labeled XOR OTA (for sale, 27 zorkmids). You see here a scroll labeled XOR OTA (for sale, 27 zorkmids). "For you, good sir; only 27 zorkmids for this scroll labeled XOR OTA." p - a scroll labeled XOR OTA (unpaid, 27 zorkmids). You see here a crystal wand (for sale, 233 zorkmids). You don't have enough gold to buy the item you picked. What do you want to drop? [$a-gjlmop or ?*] ? What do you want to drop? [$a-gjlmop or ?*] p You drop a scroll labeled XOR OTA (unpaid, 27 zorkmids). talk: unknown extended command. You descend the stairs. You see here 7 gold pieces. $ - 7 gold pieces. You hear someone counting gold coins. The giant rat bites! You miss the giant rat. You miss the giant rat. The giant rat misses! You miss the giant rat. The giant rat just misses! You hit the giant rat. The giant rat bites! You are beginning to feel hungry. q - a dagger. The giant rat bites! You don't know any spells right now. What do you want to throw? [$bgq or ?*] ? What do you want to throw? [$bgq or ?*] q In what direction? h The dagger misses the giant rat. The giant rat bites! You hit the giant rat. The giant rat bites! You hit the giant rat. The giant rat bites! You die... Do you want your possessions identified? [ynq] (y) y Do you want to see your attributes? [ynq] (y) y Do you want an account of creatures vanquished? [ynaq] (y) y Do you want to see your conduct and achievements? [ynq] (y) y Do you want to see the dungeon overview? [ynq] (y) y Major events: Turn 1: wbn the chaotic male human Rogue entered the dungeon 12: hit with a wielded weapon for the first time 12: killed for the first time 102: entered new level 2, The Dungeons of Doom 648: entered a shop 697: entered new level 3, The Dungeons of Doom Inventory: Coins $ - 31 gold pieces Weapons g - 8 +0 arrows b - 15 +0 daggers (alternate weapons; not wielded) a - a +0 short sword (weapon in hand) Armor c - an uncursed +1 leather armor (being worn) Scrolls m - a blessed scroll of remove curse Potions l - a blessed potion of monster detection d - an uncursed potion of sickness Tools f - an empty uncursed sack e - an uncursed lock pick o - a tinning kit (0:75) j - an uncursed towel Wbn the Rogue's attributes: Background: You were a Footpad, a level 1 male human Rogue. You were chaotic, on a mission for Kos who was opposed by Issek (lawful) and Mog (neutral). You were in the Dungeons of Doom, on level 3. You entered the dungeon 736 turns ago. You had 12 experience points, 8 more were needed to attain level 2. Your score was 179 before end-of-game adjustments. Basics: You had 0 out of 12 hit points. You had both energy points (spell power). Your armor class was 7. Your wallet contained 31 zorkmids. Autopickup was off. Final Characteristics: Your strength was 12 (limit:18/100). Your dexterity was 18 (limit:18). Your constitution was 18 (limit:18). Your intelligence was 9 (limit:18). Your wisdom was 9 (limit:18). Your charisma was 9 (limit:18). Final Status: You were hungry. You were unencumbered. You were wielding a short sword. You had basic skill with short sword. Final Attributes: You were fervently aligned. You were stealthy. You were warded. You are dead. Miscellaneous: You never encountered a bones level. Total elapsed playing time was 12 minutes and 37 seconds. Vanquished creatures: 3 jackals a kobold a goblin a sewer rat a grid bug a kobold zombie 7 newts 15 creatures vanquished. No species were genocided or became extinct. Voluntary challenges: You went without food. You were an atheist. You were illiterate. You never engraved Elbereth. You never genocided any monsters. You never polymorphed an object. You never changed form. You used no wishes. Achievement: You entered a shop. The Dungeons of Doom: levels 1 to 3 Level 1: An altar, a sink. Level 2: A general store, some fountains. Level 3: <- You were here. Final resting place for you, killed by a giant rat. Game over: ---------- / \ / REST \ / IN \ / PEACE \ / \ | wbn | | 31 Au | | killed by a | | giant rat | | | | | | 2022 | *| * * * | * _________)/\\_//(\/(/\)/\//\/|_)_______ Goodbye wbn the Rogue... You died in The Dungeons of Doom on dungeon level 3 with 176 points, and 31 pieces of gold, after 736 moves. You were level 1 with a maximum of 12 hit points when you died.